 Dungeon Crawl Stone Soup version 0.19.5 (webtiles) character file.

5926 Haldmier the Basher (level 10, -10/100 HPs)
             Began as an Ogre Wizard on Apr 27, 2017.
             Was a Believer of Ashenzari.
             Killed by divine providence
             ... invoked by an orc priest
              (15 damage)
             ... on level 8 of the Dungeon.
             The game lasted 01:05:17 (14859 turns).

Haldmier the Basher (Ogre Wizard)                  Turns: 14859, Time: 01:05:18

Health: -10/100    AC:  3    Str: 18    XL:     10   Next: 83%
Magic:  12/21      EV: 10    Int: 20    God:    Ashenzari [**....]
Gold:   0          SH:  0    Dex:  8    Spells: 6 memorised, 11 levels left

rFire  . . .     SeeInvis .     w - +8 quarterstaff "Vychox" {crush, Str+4}
rCold  . . .     Gourm    +     v - -2 robe (curse)
rNeg   + . .     Faith    .     (shield currently unavailable)
rPois  .         Spirit   .     L - +1 hat (curse)
rElec  .         Reflect  .     k - +0 cloak
rCorr  .         Harm     .     (gloves unavailable)
MR     +....                    (boots unavailable)
Stlth  +++.......               g - amulet of the gourmand
                                N - ring of stealth
                                l - ring of positive energy

@: about to teleport, very slightly contaminated
A: unfitting armour, tough skin 1
a: Curse Item, Scrying, Renounce Religion


You were on level 8 of the Dungeon.
You worshipped Ashenzari.
Ashenzari was pleased with you.
You were very full.

You visited 2 branches of the dungeon, and saw 9 of its levels.
You also visited: Sewer.

Inventory:

Hand Weapons
 a - a +1 morningstar
 b - a +1 whip of freezing
 r - a +2 mace
 w - the +8 quarterstaff "Vychox" (weapon) {crush, Str+4}
   (You took it off a crimson imp on level 6 of the Dungeon)

   It inflicts extra damage upon your enemies.
   It affects your strength (+4).
 y - a +0 spear of flaming
 C - a +0 giant spiked club
 M - a +2 hunting sling of flaming
Missiles
 h - 318 stones (quivered)
 s - 101 sling bullets
 x - a throwing net
 H - 2 javelins
 P - 2 tomahawks
Armour
 k - a +0 cloak (worn)
 v - a cursed -2 robe (worn)
 A - a cursed +2 large shield of protection
 D - a +0 robe
 L - a cursed +1 hat (worn)
Jewellery
 g - an amulet of the gourmand (around neck)
 l - a ring of positive energy (left hand)
 N - a ring of stealth (right hand)
Wands
 f - a wand of iceblast (4/15)
 F - a wand of confusion (39/48)
Scrolls
 i - 2 scrolls of remove curse
 j - 3 scrolls of fear
 m - 2 scrolls of enchant armour
 q - 4 scrolls of teleportation
 z - 2 scrolls of immolation
 G - 4 scrolls of magic mapping
Potions
 e - 2 potions of ambrosia
 o - a potion of lignification
 p - 2 potions of heal wounds
 t - a potion of brilliance
 E - a potion of invisibility
 I - a potion of resistance {unknown}
 K - a potion of berserk rage {unknown}
 O - a potion of curing
Books
 c - a book of Minor Magic

   Spells                             Type                      Level
   a - Magic Dart                     Conjuration                  1
   b - Blink                          Translocation                2
   c - Call Imp                       Summoning                    2
   d - Repel Missiles                 Charms/Air                   2
   e - Slow                           Hexes                        2
   f - Conjure Flame                  Conjuration/Fire             3
   g - Mephitic Cloud                 Conjuration/Poison/Air       3
Comestibles
 d - 6 bread rations
 n - 3 meat rations


   Skills:
 + Level 6.5 Fighting
 + Level 10.1 Maces & Flails
 - Level 1.7(2.8) Dodging
 - Level 1.4(2.4) Stealth
 + Level 1.5 Shields
 + Level 7.6 Spellcasting
 - Level 5.0 Conjurations
 - Level 2.1 Charms
 - Level 3.0 Summonings
 - Level 2.0 Translocations
 - Level 3.1 Fire Magic
 - Level 3.0 Air Magic
 - Level 2.0 Poison Magic


You had 11 spell levels left.
You knew the following spells:

 Your Spells              Type           Power        Failure   Level  Hunger
a - Magic Dart            Conj           ####         1%          1    None
b - Call Imp              Summ           ###.....     4%          2    None
c - Blink                 Tloc           N/A          10%         2    None
d - Mephitic Cloud        Conj/Pois/Air  ###.....     10%         3    None
e - Conjure Flame         Conj/Fire      ###.....     8%          3    None
f - Repel Missiles        Chrm/Air       ###...       4%          2    None


Dungeon Overview and Level Annotations

Branches:
Dungeon (8/15)             Temple (1/1) D:7
   Lair: D:8-11

Altars:
Ashenzari
Cheibriados
Dithmenos
Elyvilon
Fedhas
Gozag
Hepliaklqana
Kikubaaqudgha
Makhleb
Nemelex Xobeh
Okawaru
Qazlal
Ru
Sif Muna
Trog
Uskayaw
Vehumet
Xom
Yredelemnul
Zin
The Shining One

Annotations:
D:8 Maurice; mike2R's ghost, novice DEIE


Innate Abilities, Weirdness & Mutations

You are too large for most types of armour.
You have tough skin. (AC +1)


Message History

You barely miss the orc priest.
The orc priest calls down the wrath of Beogh upon you.
Beogh smites you!
You take 16 damage, and have 41/100 hp.
You closely miss the orc priest. The orc priest hits you with a trident.
You take 3 damage, and have 38/100 hp.
You sock the orc priest!
The orc priest is severely wounded.
The orc priest hits you with a trident.
You take 6 damage, and have 32/100 hp.
The orc priest barely misses you.
As you read the scroll of teleportation, it crumbles to dust.
You feel strangely unstable.
The tengu warrior hits you from afar with a halberd of flaming!!
* * * LOW HITPOINT WARNING * * *
The tengu warrior burns you.
* * * LOW HITPOINT WARNING * * *
The orc priest mumbles some strange prayers to Beogh against you.
Beogh smites you!
You die...

* # * * ,,
.##, * * ###
* * *#.# *
#_# * * #..
,* #.# **,
##.# #
,###.## , ,
#)o# .#
#..... *
#Q###.#
#..... *
#.....#
#..... ,
#.#@### *
#..... * * **
#.#.# #..
#..... ,
#.#.#
#.#*#..... ,
..#.# #.#
#..... ###.#
#.###.....
#.#
#.#.###.##
#.# #.#.# #.#
#.#######.#.#
#.#
#...........#
#.##


You could see a tengu warrior and an orc priest.

Vanquished Creatures
  Pikel (D:6)
  Joseph (D:7)
  A komodo dragon (D:5)
  Prince Ribbit (D:8)
  2 hippogriffs
  A wyvern (D:8)
  Eustachio (D:5)
  A hungry ghost (D:7)
  2 orc warriors
  3 slaves (D:6)
  An ice beast (D:6)
  2 sky beasts
  A phantom (D:4)
  A necrophage (D:8)
  An eye of draining (D:8)
  5 centaurs
  4 ogres
  A crocodile (D:8)
  A big kobold (D:7)
  5 bullfrogs
  A wyvern zombie (D:6)
  A wyvern skeleton (D:7)
  3 scorpions
  2 wights (D:7)
  5 killer bees
  2 jellies
  3 howler monkeys
  5 crimson imps
  A quasit (D:6)
  An orc priest (D:5)
  A centaur zombie (D:7)
  3 hounds
  An iron imp (D:8)
  Terence (D:2)
  4 iguanas
  9 orc wizards
  A siren (Sewer)
  4 worker ants
  A merfolk avatar (Sewer)
  2 hound skeletons (D:7)
  16 adders
  10 gnolls
  3 river rats (Sewer)
  A shadow imp (D:5)
  3 oozes
  An adder zombie (D:6)
  An adder skeleton (D:7)
  A worm (D:6)
  2 dart slugs
  12 leopard geckos
  40 orcs
  9 giant cockroaches
  2 gnoll zombies (D:8)
  16 goblins
  8 hobgoblins
  9 jackals
  2 quokkas
  8 ball pythons
  7 bats
  5 frilled lizards
  A jackal skeleton (D:4)
  15 kobolds
  2 leopard gecko zombies (D:7)
  28 rats
289 creatures vanquished.

Vanquished Creatures (collateral kills)
  Ijyb (D:2)
  Robin (D:2)
  An adder (D:3)
  An orc (D:4)
  A giant cockroach (D:4)
5 creatures vanquished.

Vanquished Creatures (others)
  An orc priest (D:6)
  2 orcs (D:6)
3 creatures vanquished.

Grand Total: 297 creatures vanquished

Notes
Turn   | Place    | Note
-------+----------+-------------------------------------------
     0 | D:1      | Haldmier the Ogre Wizard began the quest for the Orb.
     0 | D:1      | Reached XP level 1. HP: 16/16 MP: 5/5
    86 | D:1      | Found a shattered altar of Ashenzari.
   100 | D:1      | Became a worshipper of Ashenzari the Shackled
   120 | D:1      | Reached skill level 1 in Conjurations
   428 | D:1      | Reached XP level 2. HP: 24/24 MP: 3/6
   432 | D:1      | Learned a level 2 spell: Call Imp
   435 | D:1      | Learned a level 2 spell: Blink
  1374 | D:2      | HP: 1/24 [adder (1)]
  1388 | D:2      | HP: 1/24 [poisoned by an adder]
  1394 | D:2      | Reached skill level 1 in Summonings
  1394 | D:2      | Reached XP level 3. HP: 7/31 MP: 0/8
  1816 | D:2      | Learned a level 3 spell: Mephitic Cloud
  1853 | D:2      | Noticed Robin
  1886 | D:2      | Noticed Terence
  1952 | D:2      | Killed Terence
  1952 | D:2      | Reached skill level 1 in Translocations
  1952 | D:2      | Reached XP level 4. HP: 23/39 MP: 8/10
  2642 | D:2      | Killed Robin
  2756 | D:2      | Noticed Ijyb
  2792 | D:2      | Killed Ijyb
  2792 | D:2      | Reached skill level 1 in Maces & Flails
  2890 | D:2      | Learned a level 3 spell: Conjure Flame
  2927 | D:2      | Reached XP level 5. HP: 40/45 MP: 5/11
  3133 | D:3      | Found an opulent altar of Gozag.
  3295 | D:3      | Found a faded altar of an unknown god.
  3995 | D:4      | Found a glowing drain.
  4037 | D:4      | Reached skill level 2 in Maces & Flails
  4043 | D:4      | Reached skill level 1 in Air Magic
  4043 | D:4      | Reached XP level 6. HP: 43/53 MP: 12/12
  4243 | Sewer    | Entered a sewer
  4287 | Sewer    | Learned a level 2 spell: Repel Missiles
  4343 | Sewer    | Reached * piety under Ashenzari
  5224 | Sewer    | Reached skill level 3 in Maces & Flails
  5305 | D:4      | Identified a scroll of acquirement
  5342 | D:4      | Reached XP level 7. HP: 59/59 MP: 9/13
  5828 | D:4      | Reached skill level 1 in Poison Magic
  6081 | D:4      | Found a hazy altar of Hepliaklqana.
  6602 | D:4      | Reached skill level 1 in Fire Magic
  6641 | D:4      | Reached skill level 1 in Charms
  6645 | D:4      | Reached XP level 8. HP: 24/67 MP: 11/15
  6935 | D:5      | Entered Level 5 of the Dungeon
  6953 | D:5      | Reached skill level 5 in Spellcasting
  7094 | D:5      | Reached skill level 4 in Maces & Flails
  7226 | D:5      | Noticed Eustachio
  7298 | D:5      | Killed Eustachio
  7298 | D:5      | Reached skill level 1 in Fighting
  7520 | D:5      | Noticed a komodo dragon
  7560 | D:5      | Killed a komodo dragon
  7560 | D:5      | Reached skill level 5 in Maces & Flails
  8363 | D:5      | Reached XP level 9. HP: 59/79 MP: 17/17
  8686 | D:6      | Noticed Pikel
  8723 | D:6      | Killed Pikel
  8723 | D:6      | Reached skill level 6 in Maces & Flails
  9171 | D:6      | Got the quarterstaff "Vychox" {crush, Str+4}
  9172 | D:6      | Identified the +8 quarterstaff "Vychox" {crush, Str+4} (You took it off a crimson imp on level 6 of the Dungeon)
  9395 | D:6      | Noticed a moth of wrath
  9439 | D:6      | Found a bloodstained altar of Trog.
  9555 | D:6      | Reached ** piety under Ashenzari
  9576 | D:6      | Found an iron altar of Okawaru.
  9669 | D:6      | Found a sacrificial altar of Ru.
 10004 | D:6      | Found a shimmering altar of Xom.
 10287 | D:7      | Reached skill level 7 in Maces & Flails
 10797 | D:7      | Noticed Joseph
 10844 | D:7      | Killed Joseph
 10844 | D:7      | Reached skill level 8 in Maces & Flails
 10844 | D:7      | Reached XP level 10. HP: 36/92 MP: 13/19
 11074 | D:7      | Found a staircase to the Ecumenical Temple.
 11084 | Temple   | Entered the Ecumenical Temple
 12114 | D:8      | Reached skill level 9 in Maces & Flails
 12132 | D:8      | Noticed a tengu warrior
 12168 | D:7      | Reached skill level 5 in Fighting
 12514 | D:8      | Noticed Prince Ribbit
 12522 | D:8      | Killed Prince Ribbit
 12827 | D:8      | Reached skill level 5 in Conjurations
 13026 | D:8      | Found a basalt altar of Yredelemnul.
 13148 | D:8      | Found a snail-covered altar of Cheibriados.
 13309 | D:8      | Reached skill level 10 in Maces & Flails
 13376 | D:8      | Noticed mike2R's ghost (novice DEIE)
 13657 | D:8      | Noticed Maurice
 14300 | D:8      | Found a shimmering altar of Xom.
 14387 | D:7      | Reached skill level 1 in Shields
 14859 | D:8      | HP: 5/100 [tengu warrior/halberd of flaming (6)]
 14859 | D:8      | Killed from afar by an orc priest

Skill      XL: |  1  2  3  4  5  6  7  8  9 10 |
---------------+-------------------------------+-----
Conjurations   | 1 2 3 4 5 |  5.0
Summonings     | 1 2 3 |  3.0
Spellcasting   | 4 5 6 7 |  7.6
Translocations | 1 2 |  2.0
Maces & Flails | 1 2 3 5 8 10 | 10.1
Air Magic      | 1 2 3 |  3.0
Poison Magic   | 1 2 |  2.0
Fire Magic     | 1 3 |  3.1
Charms         | 1 2 |  2.1
Fighting       | 2 4 6 |  6.5
Shields        | 1 |  1.5
Dodging        | |  1.7
Stealth        | |  1.4

Action                   |  1- 3 |  4- 6 |  7- 9 | 10-12 || total
-------------------------+-------+-------+-------+-------++-------
Melee: Dagger            |    29 |   183 |   344 |     3 ||   559
       Morningstar       |       |       |    15 |       ||    15
       Quarterstaff      |       |       |   111 |   148 ||   259
       Spear             |       |       |    25 |    43 ||    68
       Whip              |       |       |    10 |       ||    10
 Fire: Hunting sling     |    25 |    52 |       |       ||    77
 Cast: Magic Dart        |    54 |    82 |    75 |    60 ||   271
       Call Imp          |     2 |     6 |     5 |     1 ||    14
       Mephitic Cloud    |     1 |     4 |    18 |    15 ||    38
       Conjure Flame     |       |     4 |     6 |     7 ||    17
       Repel Missiles    |       |     1 |     1 |       ||     2
       Blink             |       |       |       |     1 ||     1
Invok: Curse Item        |       |       |       |     1 ||     1
  Use: Potion            |     2 |     1 |       |     1 ||     4
       Scroll            |       |    11 |     3 |     3 ||    17
 Stab: Confused          |     3 |     1 |     3 |     5 ||    12
       Sleeping          |       |     1 |     1 |     2 ||     4
       Distracted        |       |       |     2 |     1 ||     3
  Eat: Chunk             |     3 |    21 |    19 |    12 ||    55
Armor: Robe              |    12 |    87 |   110 |    16 ||   225
Dodge: Dodged            |    36 |   107 |   223 |    59 ||   425
       Deflected         |       |       |     4 |     3 ||     7
